 Dungeon Crawl Stone Soup version 0.16.0 (webtiles) character file.

2028 Minkie the Covert (level 9, -1/57 HPs)
             Began as a Vampire Enchanter on Mar 21, 2015.
             Was a Believer of Kikubaaqudgha.
             Slain by a killer bee (4 damage)
             ... on level 6 of the Dungeon.
             The game lasted 00:27:20 (5265 turns).

Minkie the Covert (Vampire Enchanter)               Turns: 5265, Time: 00:27:20

Health: -1/57      AC:  6    Str:  7    XL:     9   Next: 3%
Magic:  3/14       EV: 14    Int: 20    God:    Kikubaaqudgha [**....]
Gold:   70         SH:  0    Dex: 14    Spells: 3 memorised, 6 levels left

rFire  . . .     SeeInvis +     a - +1 dagger
rCold  + + .     Clarity  .     b - +1 robe
rNeg   + + +     SustAb   .     (no shield)
rPois  ∞         Gourm    .     (no helmet)
rElec  .         Spirit   .     (no cloak)
rCorr  .         Warding  .     (no gloves)
rMut   .         Stasis   .     o - +2 pair of boots
MR     +....                    (no amulet)
Stlth  +++++.....               G - ring of protection from magic
                                v - ring of wizardry

@: very slightly contaminated, bloodless, non-regenerating, hasted, very quick,
somewhat resistant to hostile enchantments, quite stealthy
A: bottle blood, fangs 3, see invisible, unbreathing
a: Bat Form, Receive Corpses, Renounce Religion


You were on level 6 of the Dungeon.
You worshipped Kikubaaqudgha.
Kikubaaqudgha was pleased with you.
You were bloodless.

You visited 1 branch of the dungeon, and saw 6 of its levels.

You collected 250 gold pieces.
You spent 180 gold pieces at shops.

Inventory:

Hand weapons
 a - a +1 dagger (weapon)
Missiles
 u - 8 tomahawks (quivered)
Armour
 b - a +1 robe (worn)
 o - a +2 pair of boots (worn)
 z - a cursed +0 buckler
Jewellery
 v - a ring of wizardry (left hand)
 G - a ring of protection from magic (right hand)
Magical devices
 q - a wand of magic darts (25)
 D - a wand of frost (10)
Scrolls
 f - a scroll of enchant weapon {unknown}
 j - 3 scrolls of recharging {unknown}
 l - 4 scrolls of remove curse {unknown}
 m - 3 scrolls of teleportation {unknown}
 p - 2 scrolls of enchant armour {unknown}
 x - a scroll of blinking {unknown}
 A - a scroll of fear {unknown}
 B - a scroll of magic mapping {unknown}
 C - a scroll of amnesia {unknown}
 F - a scroll of immolation {unknown}
Potions
 d - 5 potions of blood
 e - 2 potions of brilliance
 h - 2 potions of might
 i - a potion of flight
 k - 3 potions of curing
 n - 2 potions of cure mutation
 r - 3 potions of agility
 t - 3 potions of heal wounds {unknown}
 w - a potion of ambrosia {unknown}
 E - a potion of invisibility {unknown}
Books
 c - a book of Maledictions

   Spells                             Type                      Level
   a - Corona                         Hexes                        1
   b - Sure Blade                     Hexes/Charms                 2
   c - Ensorcelled Hibernation        Hexes/Ice                    2
   d - Confuse                        Hexes                        3
   e - Dazzling Spray                 Conjuration/Hexes            3
   f - Enslavement                    Hexes                        4
 s - a book of Geomancy

   Spells                             Type                      Level
   a - Sandblast                      Earth                        1
   b - Stoneskin                      Transmutation/Earth          2
   c - Passwall                       Transmutation/Earth          3
   d - Stone Arrow                    Conjuration/Earth            3
   e - Petrify                        Transmutation/Earth          4
   f - Lee's Rapid Deconstruction     Earth                        5
 y - Kikubaaqudgha's Guide on Evil Arts
   (Kikubaaqudgha gifted it to you on level 5 of the Dungeon)

   Spells                             Type                      Level
   a - Animate Skeleton               Necromancy                   1
   b - Corpse Rot                     Necromancy                   2
   c - Sublimation of Blood           Necromancy                   2
   d - Regeneration                   Charms/Necromancy            3
   e - Control Undead                 Necromancy                   4


   Skills:
 * Level 7.2 Short Blades
 + Level 4.8 Dodging
 + Level 9.6 Stealth
 - Level 2.0 Spellcasting
 + Level 9.2 Hexes
 - Level 4.0 Ice Magic


You had 6 spell levels left.
You knew the following spells:

 Your Spells              Type           Power        Failure   Level  Hunger
a - Corona                Hex            #####..      1%          1    #......
b - Ensorcelled Hibernat  Hex/Ice        ####..       1%          2    ##.....
c - Confuse               Hex            #####...     1%          3    ###....


Dungeon Overview and Level Annotations

Branches:
Dungeon (6/15)             Temple (0/1) D:6

Altars:
Ashenzari
Fedhas
Gozag
Kikubaaqudgha
Makhleb
Nemelex Xobeh
Okawaru
Qazlal
Ru
Trog
Vehumet
Xom
Zin

Shops:
D:6 !


Innate Abilities, Weirdness & Mutations

You do not heal naturally.
You can bottle blood from corpses.
You have razor-sharp teeth.
You have supernaturally acute eyesight.
You can survive without breathing.


Message History

Drink which item? (? for menu, Esc to quit)
You feel yourself speed up. The killer bee stings you.
* * * LOW HITPOINT WARNING * * *
The killer bee completely misses the killer bee.
The killer bee stings you.
* * * LOW HITPOINT WARNING * * *
The killer bee closely misses you.
The killer bee barely misses the killer bee.
The killer bee stings you but does no damage.
You are very lightly contaminated with residual magic.
The killer bee stings the killer bee.
The killer bee is killed!
Kikubaaqudgha accepts your kill. The killer bee closely misses you.
The killer bee completely misses you. The killer bee misses you.
The killer bee closely misses you. The killer bee stings you.
You die...
Kikubaaqudgha rasps: "You have failed me!
Welcome... oblivion!"

###.## #...†..##
#<.#####.####..##
##.....### ##..## ##.....#
####..## #....## #......###
#....# #........## ##....##
#y._..#...## # ##......##
#y..).#....#
#####...<....###@....#....#
..#.....###...##..##......#
......### ###..........####
......# ###....#####
.....## ###### .....#
.>..## ....# #..##


You could see 2 killer bees.

Vanquished Creatures
  Pikel (D:4)
  The ghost of Ultraviolent4 the Skirmisher, an experienced TeAK of Lugonu (D:4)
  Grinder (D:4)
  4 slaves (D:4)
  An ogre (D:4)
  An ice beast (D:5)
  The ghost of JohnnyRipsauce the Grasshopper, an average DsWr (D:3)
  A giant frog (D:5)
  A killer bee (D:6)
  A crimson imp (D:5)
  A centaur zombie (D:6)
  3 orc priests (D:5)
  5 orc wizards
  6 worker ants
  3 river rats (D:4)
  9 adders
  7 gnolls
  3 giant mites
  5 worms
  An adder skeleton (D:5)
  2 giant geckos
  An ooze (D:2)
  22 orcs
  A bat skeleton (D:6)
  10 hobgoblins
  4 jackals (D:5)
  3 quokkas
  A ball python (D:3)
  9 bats
  5 giant cockroaches
  9 giant newts
  12 goblins
  11 kobolds
  13 rats
  A plant (D:4)
160 creatures vanquished.

Notes
Turn   | Place    | Note
--------------------------------------------------------------
     0 | D:1      | Minkie, the Vampire Enchanter, began the quest for the Orb.
     0 | D:1      | Reached XP level 1. HP: 13/13 MP: 3/3
   241 | D:1      | Reached XP level 2. HP: 13/19 MP: 4/4
   245 | D:1      | Learned a level 2 spell: Ensorcelled Hibernation
   581 | D:2      | Reached skill level 5 in Stealth
   581 | D:2      | Reached XP level 3. HP: 24/24 MP: 1/6
   673 | D:2      | Reached skill level 5 in Hexes
   899 | D:2      | Reached XP level 4. HP: 30/30 MP: 0/7
   906 | D:2      | Learned a level 3 spell: Confuse
  1307 | D:2      | Reached skill level 1 in Ice Magic
  1568 | D:3      | Found an opulent altar of Gozag.
  1605 | D:3      | Reached skill level 6 in Stealth
  1659 | D:3      | Reached XP level 5. HP: 35/35 MP: 9/9
  1664 | D:3      | Found a glowing silver altar of Zin.
  1777 | D:3      | Found a stormy altar of Qazlal.
  1826 | D:3      | Found an iron altar of Okawaru.
  1873 | D:3      | Noticed a moth of wrath
  1875 | D:3      | Found a bloodstained altar of Trog.
  1972 | D:3      | Found a sacrificial altar of Ru.
  2206 | D:3      | Found a shimmering altar of Xom.
  2297 | D:3      | Noticed JohnnyRipsauce's ghost (average DsWr)
  2309 | D:3      | Killed JohnnyRipsauce's ghost
  2309 | D:3      | Reached XP level 6. HP: 36/41 MP: 7/10
  2416 | D:4      | Found a radiant altar of Vehumet.
  2542 | D:4      | Noticed Pikel
  2784 | D:4      | Killed Pikel
  2784 | D:4      | Reached skill level 8 in Stealth
  2784 | D:4      | Reached XP level 7. HP: 46/46 MP: 7/12
  2876 | D:4      | Found an ancient bone altar of Kikubaaqudgha.
  2878 | D:4      | Noticed Grinder
  2884 | D:4      | Became a worshipper of Kikubaaqudgha
  2901 | D:4      | Killed Grinder
  2914 | D:4      | Reached skill level 5 in Short Blades
  2914 | D:4      | Reached XP level 8. HP: 42/52 MP: 8/13
  3101 | D:4      | Noticed Ultraviolent4's ghost (experienced TeAK)
  3133 | D:4      | Killed Ultraviolent4's ghost
  3610 | D:5      | Entered Level 5 of the Dungeon
  3661 | D:4      | Reached skill level 9 in Stealth
  4041 | D:5      | Acquired Kikubaaqudgha's first power
  4041 | D:5      | Received a gift from Kikubaaqudgha
  4060 | D:5      | Identified Kikubaaqudgha's Guide on Evil Arts (Kikubaaqudgha gifted it to you on level 5 of the Dungeon)
  4066 | D:5      | Found a shattered altar of Ashenzari.
  4337 | D:5      | Found an ancient bone altar of Kikubaaqudgha.
  4532 | D:5      | Found a burning altar of Makhleb.
  4836 | D:6      | Acquired Kikubaaqudgha's second power
  4853 | D:6      | Found a staircase to the Ecumenical Temple.
  4900 | D:6      | Reached XP level 9. HP: 57/57 MP: 10/14
  5075 | D:6      | Found Mnesau's Distillery.
  5083 | D:6      | Bought a potion of flight for 36 gold pieces
  5083 | D:6      | Bought a potion of agility for 48 gold pieces
  5108 | D:6      | Found a blossoming altar of Fedhas.
  5179 | D:6      | Bought a potion of berserk rage for 60 gold pieces
  5179 | D:6      | Bought 2 potions of decay for 24 gold pieces
  5179 | D:6      | Bought a potion of poison for 12 gold pieces
  5223 | D:6      | Found a sparkling altar of Nemelex Xobeh.
  5265 | D:6      | Slain by a killer bee

Action                   |  1- 3 |  4- 6 |  7- 9 || total
-------------------------+-------+-------+-------++-------
Melee: Dagger            |    58 |   106 |   264 ||   428
 Cast: Ensorcelled Hiber |    12 |    28 |    53 ||    93
       Confuse           |       |     1 |    10 ||    11
  Use: Scroll            |       |       |     5 ||     5
       Potion            |       |       |     1 ||     1
 Stab: Sleeping          |     9 |    30 |    43 ||    82
       Distracted        |       |     1 |     1 ||     2
       Confused          |       |     1 |     4 ||     5
